 Dungeon Sprint DCSS version 0.26-a0-113-gd8a95b691d (webtiles) character file.

Game seed: 2401627301614587314

1009 Apogee the Frost Mage (level 8, -6/36 HPs)
             Began as a Spriggan Enchanter on June 25, 2020.
             Was an Initiate of Sif Muna.
             Mangled by a centaur warrior (11 damage)
             ... in the Dungeon (Sprint I: "Red Sonja").
             The game lasted 00:04:05 (626 turns).

Apogee the Frost Mage (Spriggan Enchanter)           Turns: 626, Time: 00:04:06

Health: -6/36      AC:  2    Str:  4    XL:     8   Next: 1%
Magic:  20/22      EV: 18    Int: 18    God:    Sif Muna [......]
Gold:   603        SH:  0    Dex: 17    Spells: 23/26 levels left

rFire    . . .     SeeInvis +   a - +1 dagger
rCold    . . .     Faith    .   (shield restricted)
rNeg     . . .     Spirit   .   b - +0 robe
rPois    .         Reflect  .   (helmet restricted)
rElec    .         Harm     .   (no cloak)
rCorr    .         NoTele   +   (gloves unavailable)
MR       +....                  (boots unavailable)
Stlth    +++++.....             (no amulet)
HPRegen  0.12/turn              (no ring)
MPRegen  0.18/turn              (no ring)

@: very quick
A: very small, unfitting armour, see invisible, herbivore, speed 3, slow
metabolism 2
a: Renounce Religion


You were in the Dungeon.
You worshipped Sif Muna.
Sif Muna was noncommittal.
You were not hungry.

You visited 1 branch You collected 603 gold pieces.

Inventory:

Hand Weapons
 a - a +1 dagger (weapon)
 c - a +0 dagger of venom
Missiles
 k - 10 curare-tipped darts (quivered)
Armour
 b - a +0 robe (worn)
Wands
 l - a wand of flame (5)
Scrolls
 n - a scroll of fog {unknown}
Potions
 e - 3 potions of curing
 g - a potion of haste
 h - 2 potions of magic
 i - a potion of berserk rage {!q}
 m - 2 potions of flight {unknown}
Comestibles
 d - a ration


   Skills:
 - Level 1.1 Short Blades
 - Level 3.0 Dodging
 - Level 10.0 Stealth
 - Level 9.6 Spellcasting
 - Level 9.9 Hexes
 + Level 10.4 Ice Magic


You had 23 spell levels left.
You knew the following spells:

 Your Spells              Type           Power        Failure   Level  Hunger
a - Ensorcelled Hibernat  Hex/Ice        #####.       1%          2    None
v - Corona                Hex            #####..      1%          1    None

Your spell library contained the following spells:

 Spells                   Type           Power        Failure   Level  Hunger
 Confusing Touch          Hex            #####...     1%          3    None
 Tukima's Dance           Hex            #####...     1%          3    None
 Dazzling Flash           Conj/Hex       ####..       3%          3    None


Dungeon Overview and Level Annotations

Branches:
Dungeon (1/1)

Altars:
Cheibriados
Dithmenos
Elyvilon
Fedhas
Gozag
Hepliaklqana
Kikubaaqudgha
Okawaru
Qazlal
Ru
Sif Muna
Trog
Uskayaw
Vehumet
Wu Jian
Yredelemnul
Zin
The Shining One

Shops:
D }


Innate Abilities, Weirdness & Mutations

You are very small and have problems with some larger weapons.
You are too small for most types of armour.
You have supernaturally acute eyesight. (SInv)
You are a herbivore.
You cover ground extremely quickly.
You need to consume almost no food.


Message History

Casting: Corona (safe; 1% risk of failure)
Confirm with . or Enter, or press ? or * to list all spells.
Aiming: Corona (safe; 1% risk of failure)
Press: ? - help, Shift-Dir - straight line, f/p - centaur warrior
Aim: a centaur warrior, quivering 19 arrows (severely wounded, chance to defeat MR: 63%)
The centaur warrior is outlined in light.
The centaur warrior misses you. The centaur warrior hits you!
You hit the centaur warrior but do no damage.
The centaur warrior is heavily wounded.
The centaur warrior hits you.
You hit the centaur warrior but do no damage.
The centaur warrior is heavily wounded.
The centaur warrior hits you!
* * * LOW HITPOINT WARNING * * *
You hit the centaur warrior but do no damage.
The centaur warrior is heavily wounded.
The centaur warrior hits you.
* * * LOW HITPOINT WARNING * * *
The centaur warrior hits you!
You die...

################
#<@#.)'..#.)+..#
#..c.)#..'..#..+
#..#####'#####'#
#..# #..#...#[####
#..#__####..##§#§≈§
#..#_____##'#§§§§§c
#⌠⌠#_.∩...'...§#§§§
####_..__##_.#'##+#
#____ ##'#(#


You could see a centaur warrior (corona).

Vanquished Creatures
  Sonja (D)
  Sigmund (D)
  A yak (D)
  An ogre (D)
  A jelly (D)
  Ijyb (D)
  2 ballistomycete spores (D)
8 creatures vanquished.

Vanquished Creatures (others)
  A gargoyle (D)
1 creature vanquished.

Grand Total: 9 creatures vanquished

Notes
Turn   | Place    | Note
-------+----------+-------------------------------------------
     0 | D        | Apogee the Spriggan Enchanter began the quest for the Orb.
     0 | D        | Reached XP level 1. HP: 9/9 MP: 5/5
     1 | D        | Noticed Ijyb
    18 | D        | Killed Ijyb
    18 | D        | Reached skill level 10 in Stealth
    18 | D        | Reached XP level 2. HP: 10/13 MP: 4/6
    30 | D        | Noticed an ogre
    34 | D        | Learned a level 2 spell: Ensorcelled Hibernation
    38 | D        | Killed an ogre
    38 | D        | Reached XP level 3. HP: 14/16 MP: 4/12
    38 | D        | Reached XP level 4. HP: 18/21 MP: 4/13
   114 | D        | Noticed Sigmund
   117 | D        | Killed Sigmund
   117 | D        | Reached XP level 5. HP: 24/24 MP: 14/18
   124 | D        | Killed a gargoyle
   144 | D        | Found an ornate altar of the Wu Jian Council.
   144 | D        | Found a shimmering blue altar of Sif Muna.
   146 | D        | Found a radiant altar of Vehumet.
   151 | D        | Reached XP level 6. HP: 28/28 MP: 16/19
   160 | D        | Found Ibyceij's Gadget Emporium.
   160 | D        | Found an ancient bone altar of Kikubaaqudgha.
   160 | D        | Found a hazy altar of Hepliaklqana.
   160 | D        | Found a stormy altar of Qazlal.
   160 | D        | Found a hide-covered altar of Uskayaw.
   160 | D        | Found a blossoming altar of Fedhas.
   160 | D        | Found a bloodstained altar of Trog.
   160 | D        | Found an iron altar of Okawaru.
   160 | D        | Found a basalt altar of Yredelemnul.
   160 | D        | Found a glowing golden altar of the Shining One.
   160 | D        | Found a snail-covered altar of Cheibriados.
   160 | D        | Found a sacrificial altar of Ru.
   160 | D        | Found a glowing silver altar of Zin.
   160 | D        | Found a shadowy altar of Dithmenos.
   160 | D        | Found a white marble altar of Elyvilon.
   160 | D        | Noticed a yak
   161 | D        | Found an opulent altar of Gozag.
   165 | D        | Killed a yak
   170 | D        | Became a worshipper of Sif Muna the Loreminder
   190 | D        | Noticed Sonja
   195 | D        | Killed Sonja
   195 | D        | Reached skill level 10 in Ice Magic
   195 | D        | Reached XP level 7. HP: 19/32 MP: 18/21
   195 | D        | Reached XP level 8. HP: 22/36 MP: 18/22
   546 | D        | Noticed a centaur warrior
   546 | D        | Noticed a centaur warrior
   626 | D        | Mangled by a centaur warrior

Illustrated notes

Levels and vault maps discovered:
D:        dungeon_sprint_1 [red_sonja_temple_1, red_sonja_temple_small_1]

Skill      XL: |  1  2  3  4  5  6 |
---------------+-------------------+-----
Stealth        | 10 | 10.0
Spellcasting   | 6 9 |  9.6
Hexes          | 7 9 |  9.9
Ice Magic      | 2 10 | 10.4
Short Blades   | |  1.1
Dodging        | |  3.0

Action                   |  1- 3 |  4- 6 |  7- 9 || total
-------------------------+-------+-------+-------++-------
Melee: Dagger            |    15 |     7 |     8 ||    30
Throw: Dart              |       |       |     2 ||     2
 Cast: Corona            |     1 |       |     2 ||     3
       Ensorcelled Hiber |     1 |     2 |     1 ||     4
  Use: Scroll            |       |       |     1 ||     1
       Potion            |       |       |     1 ||     1
 Stab: Sleeping          |     2 |     4 |     1 ||     7
Armor: Robe              |     2 |       |     1 ||     3
Dodge: Dodged            |     8 |     2 |     2 ||    12

Table legend:
 A = Non-vault XP
 B = Vault XP
 C = Vault XP percentage of total XP
 D = Non-vault monster count
 E = Vault monster count
 F = Vault count percentage of total count
                 A         B        C        D         E       F
            +---------+---------+-------+---------+---------+-------
      Total |       0 |    1442 | 100.0 |       0 |       6 | 100.0
            +---------+---------+-------+---------+---------+-------
          D |       0 |    1442 | 100.0 |       0 |       6 | 100.0
            +---------+---------+-------+---------+---------+-------
